PBL
NEW YORK YANKEES @ TEXAS RANGERS
08/22/2070
 
TOP OF THE 1ST
New York Yankees batting - Pitching for Texas Rangers : LHP Joe Wheeler
Pitching: LHP Joe Wheeler
Batting: RHB José Guillén 0-0: SINGLE (Groundball, 34D, EV 98.1 MPH)
Batting: RHB Bogdan Pavelko 0-0: Ball
1-0: Called Strike
1-1: Ball
2-1: Swinging Strike
2-2: Ball
3-2: Base on Balls
José Guillén to second
Batting: SHB Tom Green 0-0: Foul Ball, location: 3F
0-1: Ball
1-1: Swinging Strike
1-2: Ball
2-2: Strikes out swinging
Batting: RHB Matt Marples 0-0: Ball
1-0: Ball
2-0: SINGLE (Line Drive, 8LS, EV 96.3 MPH)
José Guillén to third
Bogdan Pavelko to second
Runner from 3rd tries for Home, SAFE, throw by CF to home
Batting: LHB Guillermo Rodríguez 0-0: Swinging Strike
0-1: Ball
1-1: Ball
2-1: Called Strike
2-2: Ball
3-2: Strikes out swinging
Batting: RHB Bartolo Flores 0-0: Ball
1-0: Called Strike
1-1: Called Strike
1-2: Strikes out swinging
Top of the 1st over - 1 run, 2 hits, 0 errors, 2 left on base; New York 1 - Texas 0
BOTTOM OF THE 1ST
Texas Rangers batting - Pitching for New York Yankees : RHP Ron White
Pitching: RHP Ron White
Batting: LHB Ken'ichi Matsuura 0-0: Ball
1-0: Ball
2-0: Ground out 6-3 (Groundball, 6, EV 88.8 MPH)
Batting: LHB Bill Smith 0-0: Ball
1-0: Ball
2-0: Ball
3-0: Base on Balls
Batting: LHB Noburo Oike 0-0: Foul Ball, location: 25F
0-1: Ball
1-1: Foul Ball, location: 5SF
1-2: Ball
2-2: Ball
Bill Smith steals 2nd base
3-2: SINGLE (Line Drive, 34, EV 100.0 MPH)
Bill Smith to third
Runner from 3rd tries for Home, SAFE, throw by RF to home
Batting: LHB Michael Gutiérrez 0-0: SINGLE (Groundball, 34D, EV 99.4 MPH)
Noburo Oike to second
Runner from 2nd tries for 3rd, SAFE, no throw by RF
Batting: SHB Jack Torres 0-0: Called Strike
0-1: Swinging Strike
0-2: Ball
1-2: Foul Ball, location: 7LSF
1-2: Ball
2-2: Fielders Choice at 2nd, 1-6 (Groundball, 13S, EV 66.9 MPH)
Batting: RHB Anadhrishya Venktesh 0-0: Ball
1-0: DOUBLE (Line Drive, 7LS, EV 99.4 MPH)
Noburo Oike scores
Jack Torres to third
Runner from 3rd tries for Home, SAFE, no throw by LF
Batting: RHB Richard Kinney 0-0: Swinging Strike
0-1: Ball
1-1: Fly out, F5 (Popup, 5, EV 65.6 MPH)
Bottom of the 1st over - 3 runs, 3 hits, 0 errors, 1 left on base; New York 1 - Texas 3
TOP OF THE 2ND
New York Yankees batting - Pitching for Texas Rangers : LHP Joe Wheeler
Batting: RHB José Costello 0-0: Called Strike
0-1: Ball
1-1: Ground out 6-3 (Groundball, 6, EV 105.0 MPH)
Batting: RHB Chris Anderson 0-0: Ball
1-0: SINGLE (Groundball, 34D, EV 107.5 MPH)
Batting: LHB Diego Galindo 0-0: Called Strike
0-1: Ball
1-1: SINGLE (Groundball, 34D, EV 95.0 MPH)
Chris Anderson to second
Runner from 2nd tries for 3rd, SAFE, no throw by RF
Batting: RHB José Guillén 0-0: Ball
1-0: DOUBLE (Line Drive, 5D, EV 95.0 MPH)
Chris Anderson scores
Diego Galindo to third
Runner from 3rd tries for Home, SAFE, throw by LF to home
Batting: RHB Bogdan Pavelko 0-0: Foul Ball, location: 2F
0-1: Swinging Strike
0-2: Foul Ball, location: 9LDF
0-2: Ground out 6-3 (Groundball, 6, EV 100.6 MPH)
José Guillén to third
Batting: SHB Tom Green 0-0: Called Strike
0-1: Swinging Strike
0-2: Ball
1-2: Foul Ball, location: 2F
1-2: Strikes out swinging
Top of the 2nd over - 2 runs, 3 hits, 0 errors, 1 left on base; New York 3 - Texas 3
BOTTOM OF THE 2ND
Texas Rangers batting - Pitching for New York Yankees : RHP Ron White
Batting: RHB Gerald Weaver 0-0: Called Strike
0-1: Ball
1-1: Ground out 2-3 (Groundball, 2L, EV 66.3 MPH)
Batting: LHB Claudio Valenzuela 0-0: Ball
1-0: Foul Ball, location: 2F
1-1: Ball
2-1: Ground out 4-3 (Groundball, 4, EV 102.5 MPH)
Batting: LHB Ken'ichi Matsuura 0-0: Ball
1-0: Ball
2-0: Foul Ball, location: 2F
2-1: Ball
3-1: Ground out 6-3 (Groundball, 6M, EV 80.6 MPH)
Bottom of the 2nd over - 0 runs, 0 hits, 0 errors, 0 left on base; New York 3 - Texas 3
TOP OF THE 3RD
New York Yankees batting - Pitching for Texas Rangers : LHP Joe Wheeler
Batting: RHB Matt Marples 0-0: Foul Ball, location: 5F
0-1: Hit by Pitch
Batting: LHB Guillermo Rodríguez 0-0: Swinging Strike
0-1: Ball
1-1: SINGLE (Line Drive, 8LS, EV 93.1 MPH)
Matt Marples to second
Batting: RHB Bartolo Flores 0-0: Called Strike
0-1: Swinging Strike
0-2: Strikes out swinging
Batting: RHB José Costello 0-0: Fly out, F8 (Flyball, 8LM, EV 95.0 MPH)
Batting: RHB Chris Anderson 0-0: Foul Ball, location: 7LMF
0-1: Ball
1-1: Ball
2-1: Called Strike
2-2: Ball
3-2: Ground out 6-3 (Groundball, 6S, EV 83.8 MPH)
Top of the 3rd over - 0 runs, 1 hit, 0 errors, 2 left on base; New York 3 - Texas 3
BOTTOM OF THE 3RD
Texas Rangers batting - Pitching for New York Yankees : RHP Ron White
Batting: LHB Bill Smith 0-0: Ball
1-0: DOUBLE (Flyball, 8RXD, EV 110.6 MPH) - OUT at third base trying to stretch hit.
Batting: LHB Noburo Oike 0-0: Ball
1-0: Swinging Strike
1-1: Ground out 4-3 (Groundball, 4M, EV 104.4 MPH)
Batting: LHB Michael Gutiérrez 0-0: Ball
1-0: Ball
2-0: Fly out, F8 (Flyball, 8LM, EV 85.6 MPH)
Bottom of the 3rd over - 0 runs, 1 hit, 0 errors, 0 left on base; New York 3 - Texas 3
TOP OF THE 4TH
New York Yankees batting - Pitching for Texas Rangers : LHP Joe Wheeler
Batting: LHB Diego Galindo 0-0: Called Strike
0-1: Ball
1-1: Ball
2-1: Foul Ball, location: 2F
2-2: Ball
3-2: Foul Ball, location: 7LMF
3-2: Strikes out swinging
Batting: RHB José Guillén 0-0: Fly out, F6 (Line Drive, 6M, EV 72.5 MPH)
Batting: RHB Bogdan Pavelko 0-0: Foul Ball, location: 3F
0-1: Ball
1-1: Ball
2-1: Fly out, F9 (Flyball, 9, EV 90.0 MPH)
Top of the 4th over - 0 runs, 0 hits, 0 errors, 0 left on base; New York 3 - Texas 3
BOTTOM OF THE 4TH
Texas Rangers batting - Pitching for New York Yankees : RHP Ron White
Batting: SHB Jack Torres 0-0: Fly out, F7 (Flyball, 7, EV 95.6 MPH)
Batting: RHB Anadhrishya Venktesh 0-0: Called Strike
0-1: Ball
1-1: Foul Ball, location: 3F
1-2: Fly out, F9 (Flyball, 89S, EV 90.6 MPH)
Batting: RHB Richard Kinney 0-0: Ball
1-0: SINGLE (Groundball, 34D, EV 111.3 MPH)
Batting: RHB Gerald Weaver 0-0: Ball
1-0: Called Strike
1-1: Called Strike
1-2: Ball
2-2: Foul Ball, location: 2LF
2-2: Foul Ball, location: 25F
2-2: Ground out 2-3 (Groundball, 2L, EV 71.3 MPH)
Bottom of the 4th over - 0 runs, 1 hit, 0 errors, 1 left on base; New York 3 - Texas 3
TOP OF THE 5TH
New York Yankees batting - Pitching for Texas Rangers : LHP Joe Wheeler
Batting: SHB Tom Green 0-0: Foul Ball, location: 9LSF
0-1: Called Strike
0-2: Strikes out swinging
Batting: RHB Matt Marples 0-0: DOUBLE (Flyball, 78D, EV 106.9 MPH)
Batting: LHB Guillermo Rodríguez 0-0: Ground out 6-3 (Groundball, P, EV 88.1 MPH)
Batting: RHB Bartolo Flores 0-0: Ball
1-0: Called Strike
1-1: Ball
2-1: Ball
3-1: Base on Balls
Batting: RHB José Costello 0-0: Called Strike
0-1: Fly out, F7 (Flyball, 7LSF, EV 93.1 MPH)
Top of the 5th over - 0 runs, 1 hit, 0 errors, 2 left on base; New York 3 - Texas 3
BOTTOM OF THE 5TH
Texas Rangers batting - Pitching for New York Yankees : RHP Ron White
Batting: LHB Claudio Valenzuela 0-0: Ball
1-0: Swinging Strike
1-1: Ball
2-1: Ball
3-1: Swinging Strike
3-2: DOUBLE (Line Drive, 9LS, EV 94.4 MPH)
Batting: LHB Ken'ichi Matsuura 0-0: Called Strike
0-1: Ball
1-1: Swinging Strike
1-2: Ball
2-2: Foul Ball, location: 3F
2-2: Ball
3-2: Strikes out looking
Batting: LHB Bill Smith 0-0: Foul Ball, location: 2F
0-1: Ball
1-1: Called Strike
1-2: Fly out, F9 (Flyball, 9D, EV 93.8 MPH)
Runner from 2nd tags up, SAFE at 3rd, no throw by RF
Batting: LHB Noburo Oike 0-0: Ball
1-0: Foul Ball, location: 7LSF
1-1: Ground out 6-3 (Groundball, 6MD, EV 99.4 MPH)
Bottom of the 5th over - 0 runs, 1 hit, 0 errors, 1 left on base; New York 3 - Texas 3
TOP OF THE 6TH
New York Yankees batting - Pitching for Texas Rangers : LHP Joe Wheeler
Pitching: LHP Dian Suharto
Batting: RHB Chris Anderson 0-0: Called Strike
0-1: Ball
1-1: Ball
2-1: Ball
3-1: Called Strike
3-2: SOLO HOME RUN (Flyball, 89XD, EV 98.8 MPH), Distance : 402 ft
Batting: LHB Diego Galindo 0-0: Called Strike
0-1: Ball
1-1: Foul Ball, location: 3F
1-2: Ball
2-2: Ball
3-2: Foul Ball, location: 23FF
3-2: Strikes out swinging
Batting: RHB José Guillén 0-0: Ball
1-0: Called Strike
1-1: Swinging Strike
1-2: Foul Ball, location: 2F
1-2: Ball
2-2: Ball
3-2: Foul Ball, location: 25FF
3-2: SINGLE (Flyball, 4D, EV 93.1 MPH)
Batting: RHB Bogdan Pavelko 0-0: Ball
1-0: Ball
2-0: Called Strike
2-1: Called Strike
2-2: Strikes out swinging
Batting: SHB Tom Green 0-0: Ground out 6-3 (Groundball, 4MS, EV 86.9 MPH)
Top of the 6th over - 1 run, 2 hits, 0 errors, 1 left on base; New York 4 - Texas 3
BOTTOM OF THE 6TH
Texas Rangers batting - Pitching for New York Yankees : RHP Ron White
Batting: LHB Michael Gutiérrez 0-0: Foul Ball, location: 7LDF
0-1: Called Strike
0-2: Fly out, F8 (Flyball, 8RD, EV 94.4 MPH)
Batting: SHB Jack Torres 0-0: Ball
1-0: Fly out, F5 (Popup, 5F, EV 67.5 MPH)
Batting: RHB Anadhrishya Venktesh 0-0: Ball
1-0: SINGLE (Groundball, 34S, EV 60.0 MPH) (infield hit)
Batting: RHB Richard Kinney 0-0: SINGLE (Line Drive, 8LS, EV 81.9 MPH)
Anadhrishya Venktesh to second
Pitching: RHP John Watson
Batting: RHB Gerald Weaver 0-0: Fly out, F8 (Flyball, 8RXD, EV 105.6 MPH)
Bottom of the 6th over - 0 runs, 2 hits, 0 errors, 2 left on base; New York 4 - Texas 3
TOP OF THE 7TH
New York Yankees batting - Pitching for Texas Rangers : LHP Dian Suharto
Batting: RHB Matt Marples 0-0: Called Strike
0-1: Swinging Strike
0-2: Ball
1-2: Strikes out looking
Batting: LHB Guillermo Rodríguez 0-0: Ball
1-0: Foul Ball, location: 3DF
1-1: Ball
2-1: Ball
3-1: Called Strike
3-2: Strikes out swinging, 2-3 out at first.
Batting: RHB Bartolo Flores 0-0: Ball
1-0: Ground out 6-3 (Groundball, 6, EV 81.9 MPH)
Top of the 7th over - 0 runs, 0 hits, 0 errors, 0 left on base; New York 4 - Texas 3
BOTTOM OF THE 7TH
Texas Rangers batting - Pitching for New York Yankees : RHP John Watson
Now in LF: Dave Welch
Batting: LHB Claudio Valenzuela 0-0: Ball
1-0: Ball
2-0: Ground out 4-3 (Groundball, 4, EV 86.9 MPH)
Batting: LHB Ken'ichi Matsuura 0-0: Called Strike
0-1: Called Strike
0-2: Strikes out swinging
Pitching: LHP Morihiro Ikarashi
Pinch Hitting: RHB José Acosta 0-0: Ball
1-0: Called Strike
1-1: Swinging Strike
1-2: Strikes out swinging
Bottom of the 7th over - 0 runs, 0 hits, 0 errors, 0 left on base; New York 4 - Texas 3
TOP OF THE 8TH
New York Yankees batting - Pitching for Texas Rangers : LHP Dian Suharto
Pitching: RHP Tyler Long
Now in RF: José Acosta
Batting: RHB José Costello 0-0: Foul Ball, location: 7LSFF
0-1: Ball
1-1: Ball
2-1: Foul Ball, location: 2RF
2-2: Fly out, F9 (Flyball, 9, EV 98.1 MPH)
Batting: RHB Chris Anderson 0-0: Ball
1-0: Foul Ball, location: 2F
1-1: Ball
2-1: Ground out 3-1 (Groundball, 34S, EV 80.0 MPH)
Batting: LHB Diego Galindo 0-0: Ball
1-0: Ball
2-0: Foul Ball, location: 2F
2-1: Fly out, F9 (Line Drive, 89S, EV 93.1 MPH)
Top of the 8th over - 0 runs, 0 hits, 0 errors, 0 left on base; New York 4 - Texas 3
BOTTOM OF THE 8TH
Texas Rangers batting - Pitching for New York Yankees : LHP Morihiro Ikarashi
Batting: LHB Noburo Oike 0-0: Called Strike
0-1: Swinging Strike
0-2: Ball
1-2: Ball
2-2: Ball
3-2: Ground out 6-3 (Groundball, 4M, EV 82.5 MPH)
Batting: LHB Michael Gutiérrez 0-0: Called Strike
0-1: Called Strike
0-2: Ball
1-2: Ball
2-2: Ball
3-2: Ground out 2-3 (Groundball, 13S, EV 63.8 MPH)
Pitching: RHP Gordon Roberge
Batting: SHB Jack Torres 0-0: SINGLE (Groundball, 13S, EV 73.8 MPH) (infield hit)
Batting: RHB Anadhrishya Venktesh 0-0: Fielders Choice at 2nd, 6-4 (Groundball, 6, EV 93.8 MPH)
Bottom of the 8th over - 0 runs, 1 hit, 0 errors, 1 left on base; New York 4 - Texas 3
TOP OF THE 9TH
New York Yankees batting - Pitching for Texas Rangers : RHP Tyler Long
Batting: RHB José Guillén 0-0: Ball
1-0: Foul Ball, location: 3FF
1-1: Ball
2-1: Foul Ball, location: 9LMF
2-2: Ball
3-2: Foul Ball, location: 2F
3-2: SINGLE (Line Drive, 6D, EV 95.0 MPH)
Batting: RHB Bogdan Pavelko 0-0: Foul Ball, location: 23F
0-1: Called Strike
0-2: Ball
1-2: Foul Ball, location: 2F
1-2: Ball
2-2: Ball
3-2: Fly out, F1 (Line Drive, P, EV 68.8 MPH)
Pitching: RHP Rex Frazier
Batting: LHB Dave Welch 0-0: Called Strike
José Guillén steals 2nd base
0-1: Ball
1-1: Fly out, F7 (Flyball, 7S, EV 88.1 MPH)
Batting: RHB Matt Marples 0-0: Ball
1-0: Foul Ball, location: 7LSF
1-1: Ball
2-1: Fly out, F9 (Flyball, 89M, EV 90.6 MPH)
Top of the 9th over - 0 runs, 1 hit, 0 errors, 1 left on base; New York 4 - Texas 3
BOTTOM OF THE 9TH
Texas Rangers batting - Pitching for New York Yankees : RHP Gordon Roberge
Pitching: LHP Guillermo Rodríguez
Batting: RHB Richard Kinney 0-0: Called Strike
0-1: Foul Ball, location: 2F
0-2: Strikes out looking
Batting: RHB Gerald Weaver 0-0: Ground out 5-3 (Groundball, 5S, EV 90.6 MPH)
Pinch Hitting: SHB Cary Mench 0-0: Called Strike
0-1: Ball
1-1: Ground out 6-3 (Groundball, 56, EV 96.3 MPH)
Bottom of the 9th over - 0 runs, 0 hits, 0 errors, 0 left on base; New York 4 - Texas 3
Saturday, February 10th , 2024 - OOTP Baseball 24.10 Build 82